 Dungeon Crawl Stone Soup version 0.30.0-29-ga12c61a403 (webtiles) character file.

Game seed: 12365904968260353537

3040 ChadusMaximus the Summoner (level 9, -5/51 HPs)
             Began as a Barachi Summoner on June 24, 2023.
             Was a Believer of Hepliaklqana.
             Killed from afar by Maggie (21 damage)
             ... with a bolt of fire
             ... on level 8 of the Dungeon.
             The game lasted 00:14:40 (7361 turns).

ChadusMaximus the Summoner (Barachi Summoner)       Turns: 7361, Time: 00:14:43

Health: -5/51      AC:  8    Str:  8 (10) XL:     9   Next: 86%
Magic:  6/22       EV: 13    Int: 17 (20) God:    Hepliaklqana [**....]
Gold:   561        SH:  0    Dex: 11 (12) Spells: 16/26 levels left

rFire   . . .        y - +1 spear (flame)
rCold   . . .        (no shield)
rNeg    . . .        a - +0 robe
rPois   .            (no helmet)
rElec   .            (no cloak)
rCorr   .            d - +1 pair of gloves
SInv    .            (no boots)
Will    .....        t - amulet of regeneration
Stlth   ++           k - ring of wizardry
HPRegen 1.08/turn    q - +4 ring of protection
MPRegen 0.18/turn

%: wizardry (x1)
@: unable to hop, mesmerised, slow
A: reduced essence, amphibious, slowness 1, strong legs 1, +LOS
a: Hop, Renounce Religion, Recall Ancestor, Ancestor Identity


You were on level 8 of the Dungeon.
You worshipped Hepliaklqana.
Hepliaklqana was pleased with you.
You visited 2 branches of the dungeon, and saw 9 of its levels.
You also visited: Sewer.

You collected 561 gold pieces.

Inventory:

Hand Weapons
 e - a +0 dagger
 y - a +1 spear of flaming (weapon)
Missiles
 G - a throwing net
Armour
 a - a +0 robe (worn)
 d - a +1 pair of gloves (worn)
 n - a +0 buckler
 F - a +0 kite shield
Jewellery
 k - a ring of wizardry (left hand)
 q - a +4 ring of protection (right hand)
 t - an amulet of regeneration (around neck)
Wands
 x - a wand of paralysis (7)
 z - a wand of flame (30)
Scrolls
 c - a scroll of fog
 f - 4 scrolls of enchant armour
 h - 3 scrolls of vulnerability {unknown}
 i - 2 scrolls of immolation
 m - a scroll of fear
 o - 3 scrolls of poison
 p - 3 scrolls of teleportation
 r - a scroll of noise {unknown}
 u - 3 scrolls of blinking
 D - a scroll of identify
 E - a scroll of brand weapon {unknown}
Potions
 b - a potion of magic
 j - a potion of haste {unknown}
 l - a potion of mutation {unknown}
 s - a potion of degeneration
 v - a potion of berserk rage
 w - a potion of might
 A - 2 potions of flight {unknown}
 B - 2 potions of cancellation {unknown}
 C - 2 potions of heal wounds {unknown}


   Skills:
 - Level 5.0 Dodging
 - Level 1.7 Stealth
 + Level 9.3 Spellcasting
 + Level 11.7 Summonings


You had 16 spell levels left.
You knew the following spells:

 Your Spells              Type           Power      Damage    Failure   Level
a - Summon Small Mammal   Summ           100%       N/A       1%          1
b - Call Imp              Summ           96%        N/A       1%          2
c - Call Canine Familiar  Summ           48%        N/A       1%          3
d - Summon Lightning Spi  Summ/Air       27%        N/A       3%          4

Your spell library contained the following spells:

 Spells                   Type           Power      Damage    Failure   Level
 Summon Guardian Golem    Hex/Summ       27%        N/A       1%          3
 Apportation              Tloc           14%        N/A       3%          1
 Necrotise                Necr           28%        1d5       3%          1
 Inner Flame              Hex/Fire       7%         N/A       11%         3
 Yara's Violent Unravell  Hex/Tmut       3%         3d4       65%         5
 Enfeeble                 Hex            3%         N/A       100%        7


Dungeon Overview and Level Annotations

Branches:
Dungeon (8/15)             Temple (1/1) D:4           Sewer (visited)
   Lair: D:8-11

Altars:
Ashenzari
Cheibriados
Dithmenos
Elyvilon
Fedhas
Gozag
Hepliaklqana
Kikubaaqudgha
Nemelex Xobeh
Okawaru
Qazlal
Ru
Sif Muna
Trog
Uskayaw
Vehumet
Wu Jian
Xom
Zin
The Shining One

Annotations:
D:8 Maggie


Innate Abilities, Weirdness & Mutations

Your life essence is reduced to manifest your ancestor. (-10% HP)
You are amphibious.
You cover ground slowly.
You can hop short distances.
You have an extended range of vision and can be seen from far away.


Message History

* * * LOW HITPOINT WARNING * * *
It was a potion of berserk rage.
You are too mesmerised to rage.
The bullfrog hits your lightning spire.
The bullfrog hits your lightning spire but does no damage.
It was a potion of degeneration.
There was something very wrong with that liquid.
You feel weakened.
You feel dopey.
You feel clumsy. The bullfrog hits your lightning spire.
Maggie gestures wildly while chanting.
Maggie draws you further into her thrall.
Okay, then.
You swap places.
Your cerulean imp barely misses the bullfrog.
The bullfrog hits you.
* * * LOW HITPOINT WARNING * * *
Maggie hits the bush but does no damage.
Your lightning spire shoots out a bolt of lightning at the bullfrog!
The bolt of electricity hits the bullfrog! x2
The bullfrog dies!
The bolt of electricity hits your lightning spire.
Your lightning spire completely resists.
Okay, then.
It was a potion of curing.
You feel better.
Your cerulean imp hits the kobold from afar with a +1 spear.
The kobold hits your lightning spire but does no damage.
Maggie mumbles some strange words.
Maggie draws you further into her thrall.
Your lightning spire shoots out a bolt of lightning at the kobold!
The bolt of electricity hits the kobold!
The kobold dies!
Your rat disappears in a puff of smoke!
Your cerulean imp barely misses Maggie.
Unknown command.
Casting: Call Imp (safe; 1% risk of failure)
Confirm with . or Enter, or press ? or * to list all spells.
Maggie points at you and mumbles some strange words.
The bolt of fire hits your lightning spire.
Your lightning spire resists.
The bolt of fire hits you!!
You die...

.... # ... #.#
...... ..>## ....
....[ .... ......
#####.. ......
...... ....... .
#..############....#
. #...........h@..#
#####..§.......8...#
.......PPPPPPP§5##.#
######§......@..#
... #5P.PPP.P.!# ###
KRP)....P..#
.)KP.._..P....
#.#.P.....P..##
#.#.P.PPP.P..#


You could see Maggie (mesmerising, ally target), a friendly wolf (summoned), a
friendly lightning spire (summoned) and a friendly cerulean imp (summoned).

Vanquished Creatures
  A water moccasin (D:7)
  An ogre (D:6)
  A phantom (D:6)
  A hound (D:6)
  An orc priest (D:4)
  An orc wizard (D:3)
  3 adders
  An ufetubus (D:6)
  A worm (D:6)
  2 dart slugs
  3 orcs
  13 ball pythons
  2 bats
  10 endoplasms
  7 giant cockroaches
  4 goblins
  3 hobgoblins
  3 jackals
  5 kobolds
  5 quokkas
  6 frilled lizards
  7 rats
81 creatures vanquished.

Vanquished Creatures (collateral kills)
  Pikel (D:8)
  A kobold demonologist (D:7)
  Duvessa (D:5)
  A sky beast (D:7)
  A black bear (D:5)
  An ogre (D:7)
  A kobold brigand (D:7)
  4 bullfrogs
  5 scorpions
  2 gnoll sergeants
  Dowan (D:5)
  A jelly (D:5)
  4 orc priests
  2 gnoll boudas
  3 iguanas
  2 orc wizards
  21 gnolls
  6 adders
  An ufetubus (D:5)
  4 worms
  3 dart slugs
  8 orcs
  5 ball pythons
  5 endoplasms
  A giant cockroach (Sewer)
  2 goblins (D:1)
  A hobgoblin (D:4)
  5 jackals
  5 quokkas
  A bat (D:3)
  A frilled lizard (D:2)
  8 kobolds
  5 rats
113 creatures vanquished.

Vanquished Creatures (others)
  An orc wizard (D:6)
1 creature vanquished.

Grand Total: 195 creatures vanquished

Notes
Turn   | Place    | Note
-------+----------+-------------------------------------------
     0 | D:1      | ChadusMaximus the Barachi Summoner began the quest for the
                  | Orb.
     0 | D:1      | Reached XP level 1. HP: 13/13 MP: 3/3
    74 | D:1      | Reached skill level 5 in Summonings
    76 | D:1      | Reached XP level 2. HP: 7/19 MP: 3/5
   308 | D:1      | Reached XP level 3. HP: 24/24 MP: 7/7
   920 | D:2      | Learned a level 2 spell: Call Imp
   924 | D:2      | Learned a level 3 spell: Call Canine Familiar
  1441 | D:2      | Reached XP level 4. HP: 21/30 MP: 8/8
  2080 | D:3      | Found a stormy altar of Qazlal.
  2507 | D:3      | Reached XP level 5. HP: 33/35 MP: 3/10
  2634 | D:4      | Reached skill level 6 in Summonings
  3067 | D:4      | Reached XP level 6. HP: 41/41 MP: 6/11
  3237 | D:4      | Found a staircase to the Ecumenical Temple.
  3268 | Temple   | Entered the Ecumenical Temple
  3312 | Temple   | Became a worshipper of Hepliaklqana the Forgotten
  3470 | D:5      | Entered Level 5 of the Dungeon
  3591 | D:5      | Found a broken altar of Ashenzari.
  3704 | D:5      | Identified the +4 ring mail "Idexzoat" {Harm Str+2}
  4043 | D:5      | Found an opulent altar of Gozag.
  4046 | D:5      | Noticed a black bear
  4066 | D:5      | Reached * piety under Hepliaklqana
  4074 | D:5      | Reached XP level 7. HP: 41/41 MP: 8/13
  4121 | D:5      | Found a glowing silver altar of Zin.
  4225 | D:5      | Reached skill level 5 in Dodging
  4225 | D:5      | Reached skill level 7 in Summonings
  4371 | D:5      | Reached skill level 5 in Spellcasting
  4388 | D:5      | Noticed Duvessa
  4405 | D:5      | Killed Duvessa
  4459 | D:5      | Noticed Dowan
  4474 | D:5      | Killed Dowan
  4917 | D:5      | Reached skill level 8 in Summonings
  4917 | D:5      | Reached XP level 8. HP: 45/46 MP: 9/16
  5092 | D:6      | Found a shimmering altar of Xom.
  5093 | D:6      | Found a bloodstained altar of Trog.
  5187 | D:6      | Found a glowing drain.
  5212 | Sewer    | Entered a sewer
  5436 | Sewer    | Reached skill level 9 in Summonings
  6194 | D:7      | Learned a level 4 spell: Summon Lightning Spire
  6260 | D:7      | Noticed a kobold demonologist
  6272 | D:7      | Noticed an ice devil
  6273 | D:7      | Reached skill level 10 in Summonings
  6273 | D:7      | Reached XP level 9. HP: 51/51 MP: 5/20
  6274 | D:7      | Killed a kobold demonologist
  6443 | D:7      | Identified the +2 quick blade of Fate {antimagic, Fragile
                  | rElec rPois rCorr}
  6547 | D:7      | Reached ** piety under Hepliaklqana
  6548 | D:7      | Remembered your ancestor Rabi as a knight
  6963 | D:7      | Reached skill level 11 in Summonings
  7260 | D:8      | Noticed Pikel
  7286 | D:8      | Killed Pikel
  7334 | D:8      | Found a sacrificial altar of Ru.
  7335 | D:8      | Noticed Maggie
  7361 | D:8      | Killed from afar by Maggie

Illustrated notes

Levels and vault maps discovered:
D:1:      lightli_arrival_flooded_house, layout_loops_cross
D:2:      layout_basic
D:3:      layout_rooms, lemuel_crystal_altar
D:4:      layout_basic, minmay_temple_entry_statues
D:5:      layout_loops_corners, nicolae_ashenzari_panopticon,
          mainiacjoe_overflow_surrounded_room, lemuel_round_altar,
          enter_ossuary_2, serial_bayou_pond_b, uniq_duvessa
D:6:      layout_basic, chequers_temple_overflow_statue_of_worship,
          cheibrodos_sewer_entry_bend
D:7:      layout_gridville
D:8:      layout_basic, mainiacjoe_overflow_chevrons,
          mainiacjoe_overflow_cross_hatched, serial_shops, nicolae_shop_crystal,
          uniq_maggie, uniq_pikel, uniq_erica
Temple:   nicolae_temple_ecumenical_triangle

Skill      XL: |  1  2  3  4  5  6  7  8  9 |
---------------+----------------------------+-----
Summonings     | 5 6 8 10 11 | 11.7
Dodging        | 3 4 5 |  5.0
Spellcasting   | 3 4 5 7 9 |  9.3
Stealth        | |  1.7

Action                     |  1- 3 |  4- 6 |  7- 9 || total
---------------------------+-------+-------+-------++-------
  Melee: Unarmed           |    11 |       |       ||    11
         Dagger            |   124 |   152 |    14 ||   290
         Punch             |       |     1 |     2 ||     3
         Spear             |       |       |   216 ||   216
   Cast: Summon Small Mamm |    10 |    10 |    14 ||    34
         Call Imp          |     2 |    19 |    13 ||    34
         Call Canine Famil |     2 |    22 |    12 ||    36
         Summon Lightning  |       |       |     8 ||     8
 Invoke: Ancestor Life: Kn |       |       |     1 ||     1
Ability: Hop               |     1 |     2 |     2 ||     5
    Use: Scroll            |       |     6 |       ||     6
         Potion            |       |       |     3 ||     3
   Stab: Sleeping          |     3 |     5 |     3 ||    11
         Distracted        |       |       |     3 ||     3
 Armour: Robe              |    56 |    98 |    80 ||   234
  Dodge: Dodged            |    93 |   128 |   149 ||   370
